 Dungeon Crawl Stone Soup version 0.28.0-53-g5a82cb258f (webtiles) character file.

Game seed: 15950798725438781163

3 wingedge the Insei (level 1, 0/16 HPs)
             Began as a Demigod Transmuter on June 12, 2022.
             Slain by a hobgoblin (4 damage)
             ... on level 1 of the Dungeon.
             The game lasted 00:00:58 (41 turns).

wingedge the Insei (Demigod Transmuter)               Turns: 41, Time: 00:00:58

Health: 0/16       AC:  2    Str: 11    XL:     1   Next: 33%
Magic:  4/5        EV: 12    Int: 15    God:
Gold:   0          SH:  0    Dex: 14    Spells: 2/3 levels left

rFire   . . .      SeeInvis .     - Unarmed
rCold   . . .      Faith    .   (no shield)
rNeg    . . .      Spirit   .   a - +0 robe
rPois   .          Reflect  .   (helmet currently unavailable)
rElec   .          Harm     .   (no cloak)
rCorr   .          Rampage  .   (no gloves)
Will    .....                   (boots currently unavailable)
Stlth   +.........              (no amulet)
HPRegen 0.05/turn               (no ring)
MPRegen 0.09/turn               (no ring)

@: appendages (expiring)
A: horns 2, talons 2, high MP 1, forlorn, divine attributes
a: End Transformation


You were on level 1 of the Dungeon.
You had temporarily grown beastly horns and talons.
You visited 1 branch of the dungeon, and saw 1 of its levels.

Inventory:

Armour
 a - a +0 robe (worn)


   Skills:
 - Level 1.0 Fighting
 + Level 1.8 Dodging
 + Level 2.7 Unarmed Combat
 + Level 1.8 Spellcasting
 + Level 1.8 Transmutations


You had 2 spell levels left.
You knew the following spells:

 Your Spells              Type           Power      Damage    Failure   Level
a - Beastly Appendage     Tmut           12%        N/A       11%         1

Your spell library contained the following spells:

 Spells                   Type           Power      Damage    Failure   Level
 Wereblood                Tmut           6%         N/A       16%         2
 Spider Form              Tmut/Pois      4%         N/A       43%         3
 Ice Form                 Ice/Tmut       4%         N/A       83%         4


Dungeon Overview and Level Annotations

Branches:
Dungeon (1/15)


Innate Abilities, Weirdness & Mutations

You have temporarily grown beastly horns and talons.
You have an increased reservoir of magic. (+10% MP)
You shall have no god before yourself.
Your divine heritage dramatically boosts your attributes as you level up.


Message History

The bat hits you but does no damage. The bat closely misses you.
The jackal bites you.
A goblin comes into view. It is wielding a +0 dagger.
The bat hits you but does no damage. The bat hits you but does no damage.
The bat closely misses you. The rat bites you.
You completely miss the bat. You punch the bat.
The bat is severely wounded.
The goblin shouts!
The bat hits you. The bat misses you. The rat barely misses you.
Casting: Beastly Appendage (safe; 11% risk of failure)
Confirm with . or Enter, or press ? or * to list all spells.
You grow a pair of large bovine horns.
Your feet morph into talons.
The bat barely misses you. The bat closely misses you.
The rat bites you but does no damage.
You hit the bat.
You kill the bat!
A kobold comes into view. It is wielding a +0 whip.
An endoplasm comes into view.
The rat bites you.
* * * LOW HITPOINT WARNING * * *
Training target 1.0 for Fighting reached!
Your Fighting skill increases to level 1!
The kobold shouts!
You hit the rat.
You kill the rat!
The jackal misses you.
A hobgoblin comes into view.
The jackal bites you.
* * * LOW HITPOINT WARNING * * *
Found a stone staircase leading down.
Your transformation is almost over.
The goblin hits you but does no damage.
Found 10 gold pieces.
Found a ring mail.
A hobgoblin comes into view.
The hobgoblin shouts!
You hear a shout!
A dart slug and a rat come into view.
Found 6 gold pieces.
The hobgoblin hits you.
You die...

....#........## ##
.............. ...[...
#.......# #J.### .......
#.......###.g..##.......
.............rh.......r.
.......####.##h##.>.....
.........##r##.##.......
.##.......r.hr.g#$......
..#.......#.##..@#
........#.#..##..g..#
......#....#.##.###....w
................$ ....
......#.##....... ##.
......#.......####
......### ..#.# ......#
..#. ..#####


You could see a dart slug (wandering), an endoplasm, 2 quokkas, 2 jackals, 2
hobgoblins, a goblin and 3 rats.

Vanquished Creatures
  A jackal (D:1)
  A ball python (D:1)
  A bat (D:1)
  A rat (D:1)
4 creatures vanquished.

Vanquished Creatures (others)
  A plant (D:1)
1 creature vanquished.

Grand Total: 5 creatures vanquished

Notes
Turn   | Place    | Note
-------+----------+-------------------------------------------
     0 | D:1      | wingedge the Demigod Transmuter began the quest for the
                  | Orb.
     0 | D:1      | Reached XP level 1. HP: 15/15 MP: 5/5
    35 | D:1      | Reached skill level 1 in Fighting
    41 | D:1      | Slain by a hobgoblin

Illustrated notes

Levels and vault maps discovered:
D:1:      eino_arrival_water_cross, layout_rooms, chequers_arboretum,
          minmay_hexomino_p4

Skill      XL: |  1 |
---------------+----+-----
Fighting       | 1 |  1.0
Dodging        | |  1.8
Unarmed Combat | |  2.7
Spellcasting   | |  1.8
Transmutations | |  1.8

Action                   || total
-------------------------++-------
Melee: Unarmed           ||    10
       Punch             ||     1
 Cast: Beastly Appendage ||     2
Armor: Robe              ||    13
Dodge: Dodged            ||    23
